MLB
WASHINGTON NATIONALS @ SAN FRANCISCO GIANTS
04/20/2040
 
TOP OF THE 1ST
Washington Nationals batting - Pitching for San Francisco Giants : RHP Arturo Mendoza
Pitching: RHP Arturo Mendoza
Batting: LHB Jim Donoghue 0-0: Called Strike
0-1: Swinging Strike
0-2: Foul Ball, location: 3F
0-2: SINGLE (Groundball, 6MD, EV 108.1 MPH)
Batting: RHB Alan Marshall 0-0: Fly out, F9 (Flyball, 89XD, EV 109.4 MPH)
Batting: RHB Alex Renteria 0-0: Called Strike
0-1: Called Strike
0-2: Strikes out swinging
Batting: LHB Gabe Valenzuela 0-0: Fly out, F7 (Flyball, 7D, EV 83.1 MPH)
Top of the 1st over - 0 runs, 1 hit, 0 errors, 1 left on base; Washington 0 - San Francisco 0
BOTTOM OF THE 1ST
San Francisco Giants batting - Pitching for Washington Nationals : RHP Jose Alvarez
Pitching: RHP Jose Alvarez
Batting: LHB Mike Quast 0-0: Called Strike
0-1: Swinging Strike
0-2: Ball
1-2: Strikes out swinging
Batting: LHB Justin Talley 0-0: Foul Ball, location: 5F
0-1: Ball
1-1: Called Strike
1-2: Ball
2-2: Strikes out swinging
Batting: RHB Josh Buechner 0-0: Ball
1-0: SOLO HOME RUN (Flyball, 78XD, EV 111.3 MPH), Distance : 420 ft
Batting: LHB Kyle Shippy 0-0: SINGLE (Line Drive, 5D, EV 103.1 MPH)
Batting: RHB Sergio Aleman 0-0: Called Strike
0-1: Ball
1-1: Foul Ball, location: 7LSF
1-2: Ball
2-2: Ball
3-2: Base on Balls
Kyle Shippy to second
Batting: LHB Danny Ramirez 0-0: Called Strike
0-1: Ball
1-1: Swinging Strike
1-2: Ball
2-2: Strikes out swinging
Bottom of the 1st over - 1 run, 2 hits, 0 errors, 2 left on base; Washington 0 - San Francisco 1
TOP OF THE 2ND
Washington Nationals batting - Pitching for San Francisco Giants : RHP Arturo Mendoza
Batting: LHB Chris Rasmussen 0-0: Ball
1-0: Called Strike
1-1: Fly out, F7 (Line Drive, 7LS, EV 93.1 MPH)
Batting: RHB Billy Ross 0-0: Ball
1-0: Called Strike
1-1: Foul Ball, location: 9LSF
1-2: DOUBLE (Flyball, 78D, EV 110.6 MPH)
Batting: SHB Mario Candelas 0-0: Ball
1-0: Foul Ball, location: 5FF
1-1: Foul Ball, location: 2F
1-2: Strikes out swinging
Batting: LHB Ben Collins 0-0: Foul Ball, location: 2LF
0-1: Ball
1-1: Ground out U3 (Groundball, 34, EV 84.4 MPH)
Top of the 2nd over - 0 runs, 1 hit, 0 errors, 1 left on base; Washington 0 - San Francisco 1
BOTTOM OF THE 2ND
San Francisco Giants batting - Pitching for Washington Nationals : RHP Jose Alvarez
Batting: RHB Jeff Clark 0-0: Called Strike
0-1: Ball
1-1: Ball
2-1: SINGLE (Groundball, 6S, EV 66.9 MPH) (infield hit)
Batting: RHB Danny Elizarraras 0-0: Ball
1-0: Foul Ball, location: 9LSF
1-1: Fly out, F9 (Line Drive, 9, EV 97.5 MPH)
Batting: LHB Jordan Salas 0-0: Ball
1-0: Fly out, F8 (Flyball, 8LM, EV 91.3 MPH)
Batting: LHB Mike Quast 0-0: Called Strike
0-1: Foul Ball, location: 5SF
0-2: Strikes out swinging
Bottom of the 2nd over - 0 runs, 1 hit, 0 errors, 1 left on base; Washington 0 - San Francisco 1
TOP OF THE 3RD
Washington Nationals batting - Pitching for San Francisco Giants : RHP Arturo Mendoza
Batting: RHB Tim Mitchum 0-0: Called Strike
0-1: Fly out, F9 (Flyball, 89M, EV 91.9 MPH)
Batting: LHB Jim Donoghue 0-0: Foul Ball, location: 2F
0-1: Ground out 4-3 (Groundball, 4, EV 80.0 MPH)
Batting: RHB Alan Marshall 0-0: Called Strike
0-1: Ground out 5-3 (Groundball, 56, EV 85.0 MPH)
Top of the 3rd over - 0 runs, 0 hits, 0 errors, 0 left on base; Washington 0 - San Francisco 1
BOTTOM OF THE 3RD
San Francisco Giants batting - Pitching for Washington Nationals : RHP Jose Alvarez
Batting: LHB Justin Talley 0-0: Ball
1-0: Ball
2-0: Ball
3-0: Called Strike
3-1: Called Strike
3-2: SINGLE (Line Drive, 56D, EV 95.0 MPH)
Batting: RHB Josh Buechner 0-0: Ball
1-0: Ball
2-0: Ball
3-0: Called Strike
3-1: Called Strike
3-2: Strikes out looking
Justin Talley steals 2nd base
Batter strikes out.
Batting: LHB Kyle Shippy 0-0: Called Strike
0-1: Swinging Strike
0-2: Foul Ball, location: 7LMF
0-2: SINGLE (Groundball, 4MD, EV 98.1 MPH)
Justin Talley to third
Runner from 3rd tries for Home, SAFE, throw by CF to home
Kyle Shippy to second
Batting: RHB Sergio Aleman 0-0: Ball
1-0: Foul Ball, location: 23FF
1-1: Fly out, F9 (Flyball, 9D, EV 110.0 MPH)
Runner from 2nd tags up, SAFE at 3rd, no throw by RF
Batting: LHB Danny Ramirez 0-0: Fly out, F8 (Line Drive, 8RD, EV 91.3 MPH)
Bottom of the 3rd over - 1 run, 2 hits, 0 errors, 1 left on base; Washington 0 - San Francisco 2
TOP OF THE 4TH
Washington Nationals batting - Pitching for San Francisco Giants : RHP Arturo Mendoza
Batting: RHB Alex Renteria 0-0: Ball
1-0: Swinging Strike
1-1: Ball
2-1: Fly out, F8 (Flyball, 8RXD, EV 95.0 MPH)
Batting: LHB Gabe Valenzuela 0-0: Ground out 4-3 (Groundball, 4, EV 90.0 MPH)
Batting: LHB Chris Rasmussen 0-0: Ball
1-0: Ball
2-0: Ball
3-0: Called Strike
3-1: Fly out, F5 (Line Drive, 56, EV 73.8 MPH)
Top of the 4th over - 0 runs, 0 hits, 0 errors, 0 left on base; Washington 0 - San Francisco 2
BOTTOM OF THE 4TH
San Francisco Giants batting - Pitching for Washington Nationals : RHP Jose Alvarez
Batting: RHB Jeff Clark 0-0: Called Strike
0-1: Ball
1-1: Swinging Strike
1-2: Ground out 5-3 (Groundball, 56S, EV 83.8 MPH)
Batting: RHB Danny Elizarraras 0-0: Ball
1-0: Ball
2-0: Ball
3-0: Called Strike
3-1: SINGLE (Groundball, P, EV 88.1 MPH) (infield hit)
Batting: LHB Jordan Salas 0-0: SINGLE (Line Drive, 34, EV 100.0 MPH)
Danny Elizarraras to second
Batting: LHB Mike Quast 0-0: Ball
1-0: Swinging Strike
1-1: Ball
2-1: Ball
3-1: Ground out 5-3 (Groundball, 5S, EV 75.6 MPH)
Danny Elizarraras to third
Jordan Salas to second
Batting: LHB Justin Talley 0-0: Foul Ball, location: 7LSF
0-1: Foul Ball, location: 7LSF
0-2: Ball
1-2: Ground out U3 (Groundball, 3, EV 81.9 MPH)
Bottom of the 4th over - 0 runs, 2 hits, 0 errors, 2 left on base; Washington 0 - San Francisco 2
TOP OF THE 5TH
Washington Nationals batting - Pitching for San Francisco Giants : RHP Arturo Mendoza
Batting: RHB Billy Ross 0-0: Ball
1-0: Called Strike
1-1: Ground out 5-3 (Groundball, 56S, EV 93.1 MPH)
Batting: SHB Mario Candelas 0-0: Called Strike
0-1: Fly out, F7 (Flyball, 7S, EV 90.0 MPH)
Batting: LHB Ben Collins 0-0: Ball
1-0: Ball
2-0: Fly out, F8 (Line Drive, 8LM, EV 98.8 MPH)
Top of the 5th over - 0 runs, 0 hits, 0 errors, 0 left on base; Washington 0 - San Francisco 2
BOTTOM OF THE 5TH
San Francisco Giants batting - Pitching for Washington Nationals : RHP Jose Alvarez
Batting: RHB Josh Buechner 0-0: Ball
1-0: Swinging Strike
1-1: Ball
2-1: Swinging Strike
2-2: Ball
3-2: Foul Ball, location: 9LDF
3-2: Strikes out swinging, 2-3 out at first.
Batting: LHB Kyle Shippy 0-0: Ball
1-0: Ball
2-0: Fly out, F7 (Flyball, 7, EV 88.1 MPH)
Batting: RHB Sergio Aleman 0-0: Swinging Strike
0-1: Called Strike
0-2: Strikes out swinging
Bottom of the 5th over - 0 runs, 0 hits, 0 errors, 0 left on base; Washington 0 - San Francisco 2
TOP OF THE 6TH
Washington Nationals batting - Pitching for San Francisco Giants : RHP Arturo Mendoza
Batting: RHB Tim Mitchum 0-0: Called Strike
0-1: Fly out, F8 (Flyball, 8RXD, EV 107.5 MPH)
Batting: LHB Jim Donoghue 0-0: Ball
1-0: Ball
2-0: Ball
3-0: Base on Balls
Batting: RHB Alan Marshall 0-0: Ball
1-0: Called Strike
1-1: Fly out, F9 (Flyball, 9, EV 91.9 MPH)
Batting: RHB Alex Renteria 0-0: Foul Ball, location: 2F
0-1: Foul Ball, location: 2LF
0-2: Strikes out swinging
Top of the 6th over - 0 runs, 0 hits, 0 errors, 1 left on base; Washington 0 - San Francisco 2
BOTTOM OF THE 6TH
San Francisco Giants batting - Pitching for Washington Nationals : RHP Jose Alvarez
Batting: LHB Danny Ramirez 0-0: Called Strike
0-1: Swinging Strike
0-2: Ball
1-2: Fly out, F7 (Line Drive, 7S, EV 103.1 MPH)
Pitching: RHP Andy Grant
Batting: RHB Jeff Clark 0-0: Ball
1-0: Fly out, F9 (Flyball, 9, EV 89.4 MPH)
Batting: RHB Danny Elizarraras 0-0: Called Strike
0-1: Fly out, F3 (Line Drive, 4, EV 65.6 MPH)
Bottom of the 6th over - 0 runs, 0 hits, 0 errors, 0 left on base; Washington 0 - San Francisco 2
TOP OF THE 7TH
Washington Nationals batting - Pitching for San Francisco Giants : RHP Arturo Mendoza
Batting: LHB Gabe Valenzuela 0-0: Called Strike
0-1: Ball
1-1: Foul Ball, location: 2F
1-2: Ball
2-2: Foul Ball, location: 3F
2-2: Ground out 3-1 (Groundball, 34, EV 86.9 MPH)
Batting: LHB Chris Rasmussen 0-0: Ball
1-0: Foul Ball, location: 2F
1-1: Swinging Strike
1-2: Ball
2-2: Ball
3-2: Strikes out looking
Batting: RHB Billy Ross 0-0: Ball
1-0: Swinging Strike
1-1: Foul Ball, location: 25FF
1-2: Strikes out swinging
Top of the 7th over - 0 runs, 0 hits, 0 errors, 0 left on base; Washington 0 - San Francisco 2
BOTTOM OF THE 7TH
San Francisco Giants batting - Pitching for Washington Nationals : RHP Andy Grant
Batting: LHB Jordan Salas 0-0: Ball
1-0: Ball
2-0: Called Strike
2-1: Swinging Strike
2-2: Ground out 4-3 (Groundball, 4, EV 92.5 MPH)
Batting: LHB Mike Quast 0-0: Ball
1-0: Ball
2-0: Ground out 5-3 (Groundball, 56S, EV 86.3 MPH)
Batting: LHB Justin Talley 0-0: Ball
1-0: Fly out, F9 (Flyball, 9S, EV 86.3 MPH)
Bottom of the 7th over - 0 runs, 0 hits, 0 errors, 0 left on base; Washington 0 - San Francisco 2
TOP OF THE 8TH
Washington Nationals batting - Pitching for San Francisco Giants : RHP Arturo Mendoza
Batting: SHB Mario Candelas 0-0: Called Strike
0-1: Ball
1-1: Foul Ball, location: 7LSF
1-2: Foul Ball, location: 5SF
1-2: Foul Ball, location: 7LSF
1-2: Ball
2-2: Strikes out swinging
Batting: LHB Ben Collins 0-0: Ball
1-0: Ball
2-0: Fly out, F8 (Flyball, 78M, EV 86.9 MPH)
Batting: RHB Tim Mitchum 0-0: Ground out 4-3 (Groundball, 4, EV 74.4 MPH)
Top of the 8th over - 0 runs, 0 hits, 0 errors, 0 left on base; Washington 0 - San Francisco 2
BOTTOM OF THE 8TH
San Francisco Giants batting - Pitching for Washington Nationals : RHP Andy Grant
Batting: RHB Josh Buechner 0-0: Ball
1-0: Fly out, F7 (Flyball, 78S, EV 86.3 MPH)
Batting: LHB Kyle Shippy 0-0: Ball
1-0: Ball
2-0: Ball
3-0: Base on Balls
Batting: RHB Sergio Aleman 0-0: Swinging Strike
0-1: Ball
1-1: Called Strike
1-2: Ball
2-2: SINGLE (Flyball, 34D, EV 93.8 MPH)
Kyle Shippy to second
Batting: LHB Danny Ramirez 0-0: Foul Ball, location: 2F
0-1: Grounds into double play, 4-6-3 (Groundball, 4M, EV 85.6 MPH)
Bottom of the 8th over - 0 runs, 1 hit, 0 errors, 1 left on base; Washington 0 - San Francisco 2
TOP OF THE 9TH
Washington Nationals batting - Pitching for San Francisco Giants : RHP Arturo Mendoza
Now at 2B: Alex Espinoza
Now at 3B: Danny Elizarraras
Batting: LHB Jim Donoghue 0-0: Ball
1-0: Ground out 4-3 (Groundball, 4, EV 91.3 MPH)
Batting: RHB Alan Marshall 0-0: Ball
1-0: Ball
2-0: Called Strike
2-1: Ground out 1-3 (Groundball, 15, EV 65.6 MPH)
Batting: RHB Alex Renteria 0-0: Fly out, F7 (Flyball, 7S, EV 93.1 MPH)
Top of the 9th over - 0 runs, 0 hits, 0 errors, 0 left on base; Washington 0 - San Francisco 2
Friday, April 5th , 2024 - OOTP Baseball 24.6 Build 69